 Dungeon Crawl Stone Soup version 0.22-a0-872-g6a232dd (webtiles) character file.

135 prawnwizard the Skirmisher (level 4, -3/37 HPs)
             Began as a Demonspawn Fighter on July 28, 2018.
             Slain by an orc
             ... wielding a +0 flail
              (4 damage)
             ... on level 3 of the Dungeon.
             The game lasted 00:03:22 (2870 turns).

prawnwizard the Skirmisher (Demonspawn Fighter)     Turns: 2870, Time: 00:03:22

Health: -3/37      AC: 14    Str: 17    XL:     4   Next: 96%
Magic:  4/4        EV:  9    Int:  9    God:
Gold:   100        SH:  0    Dex: 13    Spells: 3/3 levels left

rFire    + . .     SeeInvis .   a - +0 long sword
rCold    + . .     Gourm    .   (no shield)
rNeg     . . .     Faith    .   b - +0 scale mail
rPois    .         Spirit   .   (no helmet)
rElec    .         Reflect  .   g - scarf {rC+ rF+}
rCorr    .         Harm     .   (no gloves)
MR       .....                  e - +0 pair of boots
Stlth    ..........             (no amulet)
HPRegen  0.12/turn              (no ring)
MPRegen  0.09/turn              (no ring)

@: sanguine armour
A: hooves 1, sanguine armour 1
a: no special abilities


You were on level 3 of the Dungeon.
You were hungry.

You visited 1 branch of the dungeon, and saw 3 of its levels.

You collected 100 gold pieces.

Inventory:

Hand Weapons
 a - a +0 long sword (weapon)
Armour
 b - a +0 scale mail (worn)
 e - a +0 pair of boots (worn)
 g - a scarf of resistance (worn)
Wands
 n - a wand of digging (4)
Scrolls
 c - 7 scrolls of identify {unknown}
 i - 3 scrolls of teleportation {unknown}
 j - 3 scrolls of remove curse {unknown}
 k - 2 scrolls of amnesia {unknown}
 m - a scroll of blinking {unknown}
 o - a scroll of magic mapping {unknown}
 s - a scroll of immolation {unknown}
Potions
 d - 2 potions of might
 h - a potion of curing
 l - a potion of berserk rage {unknown}
 q - a potion of magic {unknown}
 r - a potion of heal wounds {unknown}
Comestibles
 f - 5 rations
 p - 8 chunks of flesh


   Skills:
 + Level 3.8 Fighting
 * Level 3.5 Long Blades
 + Level 3.4 Armour
   Level 2.6 Shields


You had 3 spell levels left.
You didn't know any spells.
Your spell library was empty.

Dungeon Overview and Level Annotations

Branches:
Dungeon (3/15)

Altars:
Cheibriados


Innate Abilities, Weirdness & Mutations

You have large cloven feet.
When seriously injured, your bleeding wounds create armour. (AC +6)


Message History

You barely miss the orc priest.
The orc priest is severely wounded.
The orc priest mumbles some strange prayers to Beogh against you.
Beogh smites you!
Your blood congeals into armour.
The leopard gecko bites you.
You closely miss the orc priest.
The orc priest is severely wounded.
The leopard gecko barely misses you.
You riposte.
You are feeling hungry.
You hit the leopard gecko.
You kill the leopard gecko!
You closely miss the orc priest.
The orc priest is severely wounded.
The orc priest invokes the aid of Beogh against you.
Beogh smites you!
* * * LOW HITPOINT WARNING * * *
Something hits you but does no damage.
You barely miss the orc priest.
The orc priest is severely wounded.
The orc priest closely misses you. The orc hits you with a flail.
You die...

########## #........#
##### #........# #.)...
#........# #....?.
#........# ....... #####
#........##....... ....
#.......oo#.......
#..####.......@{o....)..
#....###..#######..%....
# #...# #.## #...... #
##..###.# ..o...
#####...#..# o..((
...###....## .....
##..##....### ....
##..#......# ...[
###.(..##.#.###### ..


You could see an orc priest and 2 orcs.

Vanquished Creatures
  Terence (D:2)
  3 gnolls (D:2)
  An adder (D:2)
  2 worms (D:2)
  3 dart slugs
  2 leopard geckos
  6 orcs (D:3)
  2 ball pythons (D:2)
  2 giant cockroaches
  A goblin (D:2)
  6 hobgoblins
  4 jackals (D:3)
  A quokka (D:3)
  2 bats
  6 frilled lizards
  8 kobolds
  3 rats (D:1)
53 creatures vanquished.

Vanquished Creatures (others)
  13 toadstools (D:3)
13 creatures vanquished.

Grand Total: 66 creatures vanquished

Notes
Turn   | Place    | Note
-------+----------+-------------------------------------------
     0 | D:1      | prawnwizard the Demonspawn Fighter began the quest for the Orb.
     0 | D:1      | Reached XP level 1. HP: 18/18 MP: 1/1
   318 | D:1      | Gained mutation: When seriously injured, your bleeding wounds create armour. (AC +6) [demonic ancestry]
   318 | D:1      | Reached XP level 2. HP: 24/24 MP: 2/2
   891 | D:2      | Noticed Terence
  1183 | D:2      | Found a snail-covered altar of Cheibriados.
  1200 | D:2      | Reached XP level 3. HP: 28/29 MP: 3/3
  1226 | D:2      | Killed Terence
  1229 | D:2      | HP: 2/43 [poisoned by Terence]
  2084 | D:2      | Gained mutation: You have large cloven feet. [demonic ancestry]
  2084 | D:2      | Reached XP level 4. HP: 35/35 MP: 4/4
  2869 | D:3      | HP: 1/37 [orc priest/divine providence (13)]
  2870 | D:3      | Slain by an orc

Vault maps used:
D:1:      kennysheep_arrival_seaside, hangedman_decor_clover_reticule,
          minmay_heptomino_l4
D:2:      first_ration, cheibriados_altar_1, uniq_terence
D:3:      nicolae_overflow_crystal_walls, tgw_fedhas

Skill      XL: |  1  2  3 |
---------------+----------+-----
Long Blades    | 2 3 |  3.5
Armour         | 3 |  3.4
Fighting       | |  3.8
Shields        | |  2.6

Action                   |  1- 3 |  4- 6 || total
-------------------------+-------+-------++-------
Melee: Long sword        |    91 |    83 ||   174
  Use: Potion            |     2 |       ||     2
  Eat: Chunk             |     3 |     3 ||     6
Armor: Scale mail        |    39 |    47 ||    86
Dodge: Dodged            |    51 |    67 ||   118
       Rpst.: Long sword |    18 |    26 ||    44

Table legend:
 A = Spawn XP
 B = Non-spawn XP
 C = Spawn XP percentage of total XP
 D = Spawn monster count
 E = Non-spawn monster count
 F = Spawn count percentage of total count
 G = Total turns spent on level
                    A         B        C        D         E        F      G
               +---------+---------+-------+---------+---------+-------+---------
         Total |       0 |     193 |   0.0 |       0 |      53 |   0.0 |  2870
               +---------+---------+-------+---------+---------+-------+---------
           D:1 |       0 |      26 |   0.0 |       0 |      14 |   0.0 |  1191
           D:2 |       0 |     124 |   0.0 |       0 |      21 |   0.0 |  1247
           D:3 |       0 |      43 |   0.0 |       0 |      18 |   0.0 |   432
               +---------+---------+-------+---------+---------+-------+---------
